 Dungeon Crawl Stone Soup version 0.29-a0-322-g68df515428 (webtiles) character file.

Game seed: 9087383047562727837

31 Cecur the Cutter (level 3, -1/27 HPs)
             Began as a Demonspawn Gladiator on Apr 9, 2022.
             Succumbed to a goblin's poison
             ... on level 2 of the Dungeon.
             The game lasted 00:01:08 (1457 turns).

Cecur the Cutter (Demonspawn Gladiator)             Turns: 1457, Time: 00:01:08

Health: -1/27      AC:  4    Str: 14    XL:     3   Next: 7%
Magic:  3/3        EV: 12    Int:  9    God:
Gold:   70         SH:  0    Dex: 16    Spells: 2/2 levels left

rFire   . . .      SeeInvis .   a - +0 rapier
rCold   . . .      Faith    .   (no shield)
rNeg    . . .      Spirit   .   b - +0 leather armour
rPois   .          Reflect  .   c - +0 helmet
rElec   .          Harm     .   (no cloak)
rCorr   .          Rampage  .   (no gloves)
Will    .....                   (no boots)
Stlth   +.........              (no amulet)
HPRegen 0.09/turn               (no ring)
MPRegen 0.08/turn               (no ring)

@: lethally poisoned (-1 -> -13), flying
A: hooves 1, ignite blood 1
a: no special abilities


You were on level 2 of the Dungeon.
You visited 1 branch of the dungeon, and saw 2 of its levels.

You collected 70 gold pieces.

Inventory:

Hand Weapons
 a - a +0 rapier (weapon)
 l - a +2 dagger of venom
Missiles
 d - 3 throwing nets (quivered)
 e - a javelin
 i - 5 atropa-tipped darts
 j - 6 poisoned darts
Armour
 b - a +0 leather armour (worn)
 c - a +0 helmet (worn)
Scrolls
 h - a scroll of teleportation {unknown}
 k - a scroll of identify {unknown}
Potions
 f - 2 potions of heal wounds {unknown}
 g - 2 potions of flight


   Skills:
 + Level 2.2 Fighting
 + Level 3.1 Short Blades
 + Level 1.9 Throwing
 + Level 1.0 Armour
 + Level 3.0 Dodging


You had 2 spell levels left.
You didn't know any spells.
Your spell library contained the following spells:

 Spells                   Type           Power      Damage    Failure   Level
 Summon Small Mammal      Summ           0%         N/A       45%         1
 Call Canine Familiar     Summ           0%         N/A       83%         3
 Summon Guardian Golem    Hex/Summ       0%         N/A       83%         3


Dungeon Overview and Level Annotations

Branches:
Dungeon (2/15)

Altars:

Shops:
D:1 :


Innate Abilities, Weirdness & Mutations

You have large cloven feet.
Your demonic aura sometimes causes spilled blood to erupt in flames.


Message History

There is an open door here.
A goblin comes into view. It is wielding a +2 dagger of venom.
The goblin shouts!
A goblin is nearby!
You barely miss the goblin. Your kick misses the goblin.
The goblin hits you but does no damage.
You are poisoned.
The goblin hits you with a +2 dagger of venom.
You are more poisoned.
You miss the goblin. Your kick misses the goblin.
You feel very sick.
The goblin hits you with a +2 dagger of venom.
You are lethally poisoned!
You closely miss the goblin.
You feel very sick.
The goblin hits you with a +2 dagger of venom.
You are more poisoned.
You are too injured to fight recklessly!
You are too injured to fight recklessly!
You are too injured to fight recklessly!
You are too injured to fight recklessly!
You are too injured to fight recklessly!
You are too injured to fight recklessly!
You are too injured to fight recklessly!
There is a lethal amount of poison in your body!
There is a lethal amount of poison in your body!
You barely miss the goblin. You kick the goblin.
You kill the goblin!
* * * LOW HITPOINT WARNING * * *
You feel very sick.
* * * LOW HITPOINT WARNING * * *
You feel very sick.
You see here a +2 dagger of venom.
l - a +2 dagger of venom
* * * LOW HITPOINT WARNING * * *
You feel very sick.
It was a potion of flight.
You feel very buoyant.
You fly up into the air.
You die...

#########
#.......#
#@##### #.....#
#####.# ##'##
#...# ###...#
#.....#.#
#.######..#.##.#
................


There were no monsters in sight!

Vanquished Creatures
  3 dart slugs
  5 bats
  2 endoplasms
  2 goblins
  3 hobgoblins (D:1)
  4 kobolds
  3 ball pythons
  2 frilled lizards
  A rat (D:1)
25 creatures vanquished.

Notes
Turn   | Place    | Note
-------+----------+-------------------------------------------
     0 | D:1      | Cecur the Demonspawn Gladiator began the quest for the Orb.
     0 | D:1      | Reached XP level 1. HP: 16/16 MP: 1/1
   116 | D:1      | Found Yhoy's Book Emporium.
   557 | D:1      | Gained mutation: You have large cloven feet. [demonic
                  | ancestry]
   557 | D:1      | Reached XP level 2. HP: 22/22 MP: 2/2
   883 | D:1      | You fall into a shaft and drop 1 floor!
  1244 | D:2      | Gained mutation: Your demonic aura sometimes causes spilled
                  | blood to erupt in flames. [demonic ancestry]
  1244 | D:2      | Reached XP level 3. HP: 27/27 MP: 3/3
  1325 | D:2      | Reached skill level 1 in Armour
  1456 | D:2      | HP: 1/27 [poisoned by a goblin]
  1457 | D:2      | Succumbed to a goblin's poison

Illustrated notes

Levels and vault maps discovered:
D:1:      ncdulo_wetmaze, layout_rooms, serial_shops, nicolae_shop_waterfront
D:2:      layout_basic

Skill      XL: |  1  2  3 |
---------------+----------+-----
Short Blades   | 3 |  3.1
Dodging        | 3 |  3.0
Armour         | 1 |  1.0
Fighting       | |  2.2
Throwing       | |  1.9

Action                   || total
-------------------------++-------
Melee: Rapier            ||    73
       Punch             ||     1
       Kick              ||    12
  Use: Potion            ||     1
 Stab: Sleeping          ||     1
Armor: Leather armour    ||    25
Dodge: Dodged            ||    44

Table legend: (Time is in decaauts)
 A = Elapsed time spent in this place.
 B = Non-inter-level travel time spent in this place.
 C = Inter-level travel time spent in this place.
 D = Time resting spent in this place.
 E = Time spent auto-exploring this place.
 F = Levels seen in this place.
 G = Mean time per level.
                   A        B        C        D        E       F      G
               +--------+--------+--------+--------+--------+-----+--------+
         Total |   1469 |   1462 |      7 |      0 |   1247 |   2 |  734.5 |
       Dungeon |   1469 |   1462 |      7 |      0 |   1247 |   2 |  734.5 |
               +--------+--------+--------+--------+--------+-----+--------+

Top non-repeatable levels by time:
     D:1: 1133 daAuts
     D:2: 335 daAuts
